Map: Proxima Station LE

Players

Silky

  • Race: Zerg Zerg
  • Spawn Location: 1:00

BLY - Winner!

  • Race: Zerg Zerg
  • Spawn Location: 7:00

Event: WCS Austin 2017

VOD

Have the link to the VOD?

Description

Time

  • Played on: April 28, 2017, 1:40 p.m.
  • Length: 4:28

All games in this series

Show
View Real Time Build Order
Export as new Build Order

Silky Zerg 

Build Orders: Pool First, Zergling Baneling 

Get SALT Encoding   

  12  0:00  Drone  
  13  0:12  Overlord  
  13  0:17  Drone  
  14  0:30  Drone x2  
  14  0:34  Drone  
  17  0:45  Extractor  
  17  0:48  Drone  
  17  0:50  Spawning Pool  
  17  0:56  Drone  
  17  1:06  Drone  
  18  1:19  Hatchery  
  18  1:23  Drone  
  18  1:33  Drone  
  18  1:37  Queen  
  21  1:41  Zergling x2  
  22  1:49  Metabolic Boost  
  22  1:54  Overlord  
  22  2:06  Baneling Nest  
  21  2:13  Queen  
  24  2:15  Drone  
  24  2:20  Zergling x2  
  24  2:22  Zergling x2  
  26  2:35  Zergling x4  
  28  2:43  Zergling x4  
  30  2:46  Overlord  
  30  2:47  Zergling x2  
  30  2:49  Zergling x2  
  32  2:51  Baneling  
  32  2:52  Baneling  
  32  2:58  Zergling x4  
  33  3:03  Zergling x2  
  35  3:11  Zergling x2  
  36  3:17  Zergling x2  
  37  3:20  Baneling x2  
  37  3:30  Zergling x10  
  41  3:34  Zergling x2  
  41  3:38  Baneling x3  
  41  3:39  Baneling  
  40  3:44  Zergling x2  
  41  3:48  Baneling  
  41  3:49  Baneling x2  
  41  3:51  Zergling x2  
  39  4:03  Zergling x6  
  39  4:09  Zergling x4  
Show
View Real Time Build Order
Export as new Build Order

BLY Zerg - Winner!

Build Orders: Hatch First 

Get SALT Encoding   

  12  0:01  Drone  
  13  0:12  Overlord  
  13  0:19  Drone  
  14  0:31  Drone x2  
  16  0:50  Hatchery  
  16  0:54  Drone  
  16  1:06  Spawning Pool  
  16  1:09  Drone  
  16  1:13  Drone  
  16  1:17  Drone  
  18  1:24  Drone, Extractor  
  18  1:43  Drone, Overlord  
  19  1:53  Queen  
  21  1:55  Zergling x2  
  22  2:02  Queen  
  22  2:06  Drone x2  
  26  2:16  Drone x2  
  28  2:26  Drone x2  
  30  2:35  Drone x2  
  31  2:38  Metabolic Boost  
  31  2:42  Queen  
  33  2:46  Overlord  
  33  2:47  Evolution Chamber  
  32  2:52  Drone  
  33  3:04  Drone x3  
  36  3:10  Evolution Chamber  
  35  3:13  Roach Warren  
  35  3:15  Zergling x10  
  35  3:17  Zergling x2  
  40  3:24  Evolution Chamber  
  40  3:25  Evolution Chamber  
  38  3:31  Zergling x4  
  38  3:32  Zergling x2  
  41  3:39  Drone  
  44  3:41  Overlord  
  44  3:53  Roach Warren  
  43  4:00  Overlord  
Tags
 
Add a new tag
Caveats
  • Supply blocks, unpowered buildings, or Contaminate may cause inaccurate times.
  • Supply counts are checked every 10 seconds.